 Dungeon Crawl Stone Soup version 0.29.1-2-gbd0b4ee654 (webtiles) character file.

Game seed: 5474435958563046480

415 raph the Frost Mage (level 6, -3/41 HPs)
             Began as a Merfolk Ice Elementalist on Nov 7, 2022.
             Was an Initiate of Sif Muna.
             Slain by a phantom (5 damage)
             ... on level 3 of the Dungeon.
             The game lasted 00:08:17 (5269 turns).

raph the Frost Mage (Merfolk Ice Elementalist)      Turns: 5269, Time: 00:08:18

Health: -3/41      AC:  3    Str:  8    XL:     6   Next: 91%
Magic:  6/9        EV: 12    Int: 16    God:    Sif Muna [......]
Gold:   347        SH:  5    Dex: 15    Spells: 3/10 levels left

rFire   . . .      SeeInvis .   c - +0 halberd
rCold   . . .      Faith    .   (shield currently unavailable)
rNeg    + . .      Spirit   .   a - +0 robe
rPois   .          Reflect  +   (no helmet)
rElec   .          Harm     .   m - +0 cloak
rCorr   .          Rampage  .   (no gloves)
Will    .....                   (no boots)
Stlth   ++........              f - amulet of reflection
HPRegen 0.13/turn               d - ring of positive energy
MPRegen 0.11/turn               (no ring)

@: no status effects
A: (nimble swimmer 2), mertail
a: Renounce Religion


You were on level 3 of the Dungeon.
You worshipped Sif Muna.
Sif Muna was noncommittal.
You visited 2 branches of the dungeon, and saw 5 of its levels.
You also visited: Ossuary.

You collected 347 gold pieces.

Inventory:

Hand Weapons
 c - a +0 halberd (weapon)
 e - a +0 dagger
 k - a +0 spear
Armour
 a - a +0 robe (worn)
 m - a +0 cloak (worn)
Magical Staves
 q - a staff of death
Jewellery
 d - a ring of positive energy (left hand)
 f - an amulet of reflection (around neck)
 g - a ring of resist corrosion
 i - a +6 ring of dexterity
Wands
 n - a wand of flame (5)
Scrolls
 r - a scroll of identify
Potions
 b - 2 potions of magic
 h - a potion of lignification {unknown}
 j - a potion of mutation
 o - 4 potions of invisibility
 p - 2 potions of ambrosia
 s - a potion of resistance {unknown}
 t - 2 potions of curing
 u - 2 potions of attraction {unknown}
 w - 2 potions of degeneration {unknown}
 x - a potion of might {unknown}


   Skills:
 - Level 2.6 Dodging
 - Level 2.1 Stealth
 + Level 2.6 Spellcasting
 + Level 8.5 Ice Magic


You had 3 spell levels left.
You knew the following spells:

 Your Spells              Type           Power      Damage    Failure   Level
a - Freeze                Ice            100%       1d11      1%          1
b - Frozen Ramparts       Ice            58%        1d9       1%          3
c - Ozocubu's Armour      Ice            29%        N/A       1%          3

Your spell library contained the following spells:

 Spells                   Type           Power      Damage    Failure   Level
 Hailstorm                Conj/Ice       15%        3d5       32%         4


Dungeon Overview and Level Annotations

Branches:
Dungeon (4/15)             Temple (1/1) D:4         Ossuary (visited)

Altars:
Ashenzari
Elyvilon
Gozag
Hepliaklqana
Makhleb
Nemelex Xobeh
Okawaru
Ru
Sif Muna
Trog
Uskayaw
Vehumet
Xom
Yredelemnul
The Shining One


Innate Abilities, Weirdness & Mutations

((You are very nimble when in or above water. (Stealth+, EV+, Speed+++)))
Your lower body shifts to a powerful aquatic tail in water.


Message History

The phantom is moderately damaged.
The phantom barely misses you. The phantom hits you.
You miss the phantom.
The phantom is lightly damaged.
The phantom hits you but does no damage.
You hit the phantom but do no damage.
The phantom is lightly damaged.
The phantom hits you.
* * * LOW HITPOINT WARNING * * *
The phantom hits you.
* * * LOW HITPOINT WARNING * * *
The phantom blinks!
You blink.
The phantom attacks as you move away! The phantom hits you.
* * * LOW HITPOINT WARNING * * *
You feel much better. You block the phantom's attack.
The phantom attacks as you move away! The phantom hits you.
The phantom attacks as you move away! The phantom hits you.
The phantom attacks as you move away! The phantom barely misses you.
The phantom attacks as you move away! The phantom closely misses you.
There is a stone staircase leading up here.
The phantom closely misses you.
You climb upwards.
There is a stone staircase leading down here.
You closely miss the phantom.
The phantom is lightly damaged.
The phantom hits you.
You hit the phantom but do no damage.
The phantom is lightly damaged.
The phantom hits you but does no damage.
The phantom hits you.
You closely miss the phantom.
The phantom is lightly damaged.
The phantom hits you.
* * * LOW HITPOINT WARNING * * *
The phantom blinks!
You blink.
The phantom attacks as you move away! The phantom hits you.
* * * LOW HITPOINT WARNING * * *
Okay, then.
The phantom attacks as you move away! The phantom hits you.
You die...

#.##.###.....#..#
#.##.# ####.....#
#.##.##########.##
#........# #..#
####.....# ##.# ###
####..# #.# #.. #..#
#.# #.# #..#######.#
#.# #....@W....# #†#
#.#######..#########.#
#.# #§...........# #.#
#.############ #.#
#.######## #.#
#.#......##### #.#
#.#.####......
#.#######.#.## #######
#............##


You could see a phantom.

Vanquished Creatures
  An ogre (D:2)
  A hound (D:4)
  Terence (D:3)
  2 orc wizards (D:4)
  9 mummies
  3 adders
  2 worms
  A dart slug (D:1)
  7 orcs (D:4)
  3 bats (D:3)
  7 endoplasms
  3 giant cockroaches
  2 gnoll zombies (Ossuary)
  2 goblins
  8 hobgoblins
  2 quokkas
  A ball python (D:1)
  4 frilled lizards
  A hobgoblin zombie (Ossuary)
  7 kobolds
  3 kobold zombies (Ossuary)
  2 orc zombies (Ossuary)
  6 rats
78 creatures vanquished.

Vanquished Creatures (others)
  5 fungi (D:4)
5 creatures vanquished.

Grand Total: 83 creatures vanquished

Notes
Turn   | Place    | Note
-------+----------+-------------------------------------------
     0 | D:1      | raph the Merfolk Ice Elementalist began the quest for the
                  | Orb.
     0 | D:1      | Reached XP level 1. HP: 13/13 MP: 3/3
    33 | D:1      | Found a faded altar of an unknown god.
    34 | D:1      | Noticed a floating eye
    36 | D:1      | Noticed a shining eye
    36 | D:1      | Noticed a floating eye
    36 | D:1      | Noticed a floating eye
   373 | D:1      | Reached XP level 2. HP: 14/19 MP: 0/5
   652 | D:1      | Reached skill level 5 in Ice Magic
  1093 | D:2      | Reached XP level 3. HP: 24/24 MP: 4/6
  1097 | D:2      | Learned a level 3 spell: Frozen Ramparts
  1950 | D:2      | Noticed an ogre
  1958 | D:2      | Killed an ogre
  1959 | D:2      | Reached skill level 6 in Ice Magic
  1959 | D:2      | Reached XP level 4. HP: 17/30 MP: 0/7
  1959 | D:2      | Reached XP level 5. HP: 20/35 MP: 0/8
  2100 | D:2      | Learned a level 3 spell: Ozocubu's Armour
  2406 | D:3      | Noticed Terence
  2416 | D:3      | Killed Terence
  2417 | D:3      | Reached skill level 7 in Ice Magic
  3442 | D:4      | Found a sand-covered staircase.
  3526 | Ossuary  | Entered an ossuary
  3590 | Ossuary  | Reached XP level 6. HP: 41/41 MP: 5/9
  3715 | Ossuary  | Reached skill level 8 in Ice Magic
  4186 | D:4      | Noticed a moth of wrath
  4189 | D:4      | Found a bloodstained altar of Trog.
  4662 | D:4      | Found a hide-covered altar of Uskayaw.
  4984 | D:4      | Found a staircase to the Ecumenical Temple.
  4991 | Temple   | Entered the Ecumenical Temple
  5149 | Temple   | Became a worshipper of Sif Muna the Loreminder
  5266 | D:3      | HP: 2/41 [phantom (6)]
  5269 | D:3      | Slain by a phantom

Illustrated notes

Levels and vault maps discovered:
D:1:      amcnicky_arrival_wind_blow, layout_basic,
          hellmonk_ecumenical_altar_watching_god, chequers_arboretum,
          chequers_serial_rivers_micro_d
D:2:      layout_basic, grunt_decor_junction
D:3:      minmay_evil_eye, layout_loops_ring, uniq_terence
D:4:      layout_rooms, tgw_trog, nicolae_overflow_crystal_walls,
          mainiacjoe_overflow_catwalk, minmay_temple_entry_fiery,
          nicolae_ossuary_entry_giza, hangedman_decor_diamond_cutter,
          dreamdust_mushroom_princess, minmay_surrounded
Temple:   hellmonk_temple_forest_ring

Skill      XL: |  1  2  3  4  5  6 |
---------------+-------------------+-----
Ice Magic      | 5 6 7 8 |  8.5
Dodging        | |  2.6
Stealth        | |  2.1
Spellcasting   | |  2.6

Action                   |  1- 3 |  4- 6 || total
-------------------------+-------+-------++-------
Melee: Dagger            |    13 |     2 ||    15
       Halberd           |       |   104 ||   104
 Cast: Freeze            |    33 |     2 ||    35
       Frozen Ramparts   |     2 |    27 ||    29
       Ozocubu's Armour  |       |     7 ||     7
Evoke: Wand              |     1 |    18 ||    19
  Use: Scroll            |       |    12 ||    12
       Potion            |       |     2 ||     2
 Stab: Sleeping          |     3 |     1 ||     4
Armor: Robe              |     2 |    40 ||    42
Dodge: Dodged            |    13 |    62 ||    75
Block: Other             |     6 |    24 ||    30
